 Dungeon Crawl Stone Soup version 0.30-a0-920-g7493c07aab (webtiles) character file.

Game seed: 9838060451943305389

10 Sobieck the Trooper (level 2, -2/26 HPs)
             Began as an Armataur Berserker on Mar 21, 2023.
             Was a Follower of Trog.
             Succumbed to a kobold's poison
             ... on level 1 of the Dungeon.
             The game lasted 00:01:23 (543 turns).

Sobieck the Trooper (Armataur Berserker)             Turns: 543, Time: 00:01:24

Health: -2/26      AC:  4    Str: 22    XL:     2   Next: 10%
Magic:  2/2        EV:  9    Int:  7    God:    Trog [*.....]
Gold:   114        SH:  0    Dex:  9    Spells: 1/1 levels left

rFire   . . .      SeeInvis .    a - +0 mace {mace}
rCold   . . .      Faith    .    (no shield)
rNeg    . . .      Spirit   .    b - +0 animal skin
rPois   .          Reflect  .    (no helmet)
rElec   .          Roll     +    (no cloak)
rCorr   .                        (no gloves)
Will    .....                    (no barding)
Stlth   +                        (no amulet)
HPRegen 0.24/turn                (no ring)
MPRegen 0.08/turn                (no ring)

@: mighty, lethally poisoned (-2 -> -21), attractive
A: large, rugged brown scales 3, deformed body, armoured tail, roll, long
tongue, awkward tongue
a: Renounce Religion, Berserk


You were on level 1 of the Dungeon.
You worshipped Trog.
Trog was aware of your devotion.
You visited 1 branch of the dungeon, and saw 2 of its levels.

You collected 114 gold pieces.


Innate Abilities, Weirdness & Mutations

You are completely covered in rugged brown scales. (AC +3, +7% HP)
Armour fits poorly on your strangely shaped body.
You have a long armoured tail.
You roll when moving toward enemies. (Rampage)
Your long tongue fully drains potion bottles. (2x potion effects)
Your tongue gives you trouble enunciating. (1.5x scroll delay)


   Skills:
 + Level 2.9 Fighting
 + Level 2.9 Maces & Flails
 + Level 2.8 Armour
 - Level 1.3 Dodging


You had one spell level left.
You didn't know any spells.
Your spell library was empty.

Inventory:

Hand Weapons
 a - a +0 mace (weapon) {mace}
 e - a +2 short sword of freezing {short}
   (You took it off a kobold on level 1 of the Dungeon)
Missiles
 i - 5 curare-tipped darts {=fthrowing}
 m - 2 atropa-tipped darts {throwing}
 o - 4 stones {throwing}
Armour
 b - a +0 animal skin (worn)
 d - a +0 leather armour
   (You found it on level 1 of the Dungeon)
Magical Staves
 l - a staff of conjuration {forbidden!a@e2staff}
   (You found it on level 1 of the Dungeon)
Scrolls
 c - a scroll of blinking {unknown}
 f - a scroll of magic mapping {unknown}
 g - a scroll of torment {unknown}
 h - 3 scrolls of enchant armour {unknown}
 k - a scroll of butterflies {unknown}
 n - 3 scrolls of immolation {unknown}

Dungeon Overview and Level Annotations

Branches:
Dungeon (2/15) Zot: 11451

Altars:

#.................###
#.................#..
####.................#..
#....................#..
#.##.................#..
#.##............######..
#.###########†### #..
#.# #######.########..
#######.#
#@r...............
#.......#
#.)....###########
#.#######
######............ #.#
#.###.####### #.#####
#.# #.# # ####.....# #.#
#.# .....###.## #.#
#.####### .....##...##
###.# #....)...
..#..#..#..# #...#
##.......


You could see a quokka.


Message History

Trog accepts your kill.
You have reached level 2!
A frilled lizard comes into view.
The frilled lizard hisses angrily.
Danger!
You aren't carrying any potions.
Unknown command.
Okay, then.
Unknown command.
You roll towards the frilled lizard!
You roll towards the frilled lizard!
The frilled lizard closely misses you.
You barely miss the frilled lizard.
The frilled lizard closely misses you. x2
You closely miss the frilled lizard.
The frilled lizard bites you but does no damage.
You hit the frilled lizard.
You kill the frilled lizard!
Trog accepts your kill.
No target in view!
No target in view!
You now have 88 gold pieces (gained 4).
j - a sapphire potion You now have 98 gold pieces (gained 10).
k - a scroll labelled ONEOMUBB NUOGEYNE
l - a staff of conjuration {forbidden!a@e2staff}
There is an open door here.
You see here a rat corpse.
A giant cockroach comes into view.
Danger!
You roll towards the giant cockroach!
You roll towards the giant cockroach!
You thump the giant cockroach!
You kill the giant cockroach!
Trog accepts your kill.
No target in view!
m - 2 atropa-tipped darts {throwing} You see here a giant cockroach corpse.
You now have 114 gold pieces (gained 16).
n - 3 scrolls labelled ATARIPPYAKI
o - 4 stones {throwing}
p - an amethyst potion Done exploring.
Done exploring.
(D) Dungeon
Where to? (? - help)
There is a stone staircase leading down here.
You climb downwards.
The kobold shouts!
The hobgoblin shouts!
You hear a shout!
Found 8 gold pieces.
Found two stone staircases leading down.
There is a stone staircase leading up here.
There are monsters nearby!
Danger!
Unknown command.
Unknown command.
Unknown command.
The bat hits you but does no damage.
A kobold comes into view. It is wielding a +0 short sword.
The bat hits you.
You climb upwards.
There is a stone staircase leading down here.
You climb downwards.
The bat misses you.
The kobold hits you with a +2 dagger of venom.
You are poisoned.
There is a stone staircase leading up here.
Danger!
Unknown command.
Unknown command.
Unknown command.
You feel very sick.
The kobold hits you with a +2 dagger of venom.
You are more poisoned.
The quokka bites you.
You climb upwards.
* * * LOW HITPOINT WARNING * * *
You feel very sick.
There is a stone staircase leading down here.
Unknown command.
Unknown command.
It was a potion of attraction.
You feel attractive to monsters.
You slurp down every last drop of the potion of attraction!
* * * LOW HITPOINT WARNING * * *
You feel very sick. The quokka barely misses you.
The kobold hits you with a +2 dagger of venom.
* * * LOW HITPOINT WARNING * * *
You are more poisoned.
It was a potion of might.
You feel very mighty all of a sudden.
You slurp down every last drop of the potion of might!
* * * LOW HITPOINT WARNING * * *
You feel very sick.
The quokka twitches its whiskers.
The quokka closely misses you.
The kobold hits you with a +2 dagger of venom.
* * * LOW HITPOINT WARNING * * *
You are more poisoned.
Unknown command.
You sock the kobold!
You kill the kobold!
Trog accepts your kill.
You die...

Action                     || total
---------------------------++-------
  Melee: Mace              ||    19
         Tailslap          ||     3
    Use: Potion            ||     2
 Armour: Animal skin       ||     2
  Dodge: Dodged            ||    10

Levels and vault maps discovered:
D:1:      dpeg_arrival_shelter, layout_basic,
          dreamdust_ecumenical_altar_statues, minmay_strange_pillars
D:2:      layout_rooms, minmay_misc_feat_secret_circle

Notes
Turn   | Place    | Note
-------+----------+-------------------------------------------
     0 | D:1      | Sobieck the Armataur Berserker began the quest for the Orb.
     0 | D:1      | Reached XP level 1. HP: 19/19 MP: 1/1
    96 | D:1      | Found a faded altar of an unknown god.
   387 | D:1      | Reached XP level 2. HP: 26/26 MP: 2/2
   542 | D:1      | HP: 4/26 [poisoned by a kobold]
   543 | D:1      | Succumbed to a kobold's poison

Vanquished Creatures
  A ball python (D:1)
  2 endoplasms (D:1)
  A giant cockroach (D:1)
  A hobgoblin (D:1)
  2 kobolds (D:1)
  A frilled lizard (D:1)
  2 rats (D:1)
10 creatures vanquished.

Table legend:
 A = Non-vault XP
 B = Vault XP
 C = Vault XP percentage of total XP
 D = Non-vault monster count
 E = Vault monster count
 F = Vault count percentage of total count
                 A         B        C        D         E       F
            +---------+---------+-------+---------+---------+-------
      Total |      16 |       0 |   0.0 |      10 |       0 |   0.0
            +---------+---------+-------+---------+---------+-------
        D:1 |      16 |       0 |   0.0 |      10 |       0 |   0.0
            +---------+---------+-------+---------+---------+-------

Illustrated notes

Table legend:
 A = Kills in this place as a percentage of kills in the entire game.
 B = Kills by you in this place as a percentage of kills by you in the entire game.
 C = Kills by friends in this place as a percentage of kills by friends in the entire game.
 D = Other kills in this place as a percentage of other kills in the entire game.
 E = Experience gained in this place as a percentage of experience gained in the entire game.
 F = Experience gained in this place divided by the number of levels of this place that you have seen.
                   A       B       C       D       E      F
               +-------+-------+-------+-------+-------+----------------------
         Total | 100.0 | 100.0 |   N/A |   N/A | 100.0 |   8.0
       Dungeon | 100.0 | 100.0 |   N/A |   N/A | 100.0 |   8.0
               +-------+-------+-------+-------+-------+----------------------

Table legend: (Time is in decaauts)
 A = Elapsed time spent in this place.
 B = Non-inter-level travel time spent in this place.
 C = Inter-level travel time spent in this place.
 D = Time resting spent in this place.
 E = Time spent auto-exploring this place.
 F = Levels seen in this place.
 G = Mean time per level.
                   A        B        C        D        E       F      G
               +--------+--------+--------+--------+--------+-----+--------+
         Total |    549 |    523 |     26 |      0 |    437 |   2 |  274.5 |
       Dungeon |    549 |    523 |     26 |      0 |    437 |   2 |  274.5 |
               +--------+--------+--------+--------+--------+-----+--------+

Top non-repeatable levels by time:
     D:1: 543 daAuts
     D:2: 5 daAuts
